 Dungeon Crawl Stone Soup version 0.28-a0-241-gfbb0926a3a (console) character file.

Game seed: 2290932006738166052

16528 FIQ the Frost Mage (level 12, -2/74 HPs)
             Began as a Demonspawn Ice Elementalist on Aug 24, 2021.
             Was an Initiate of Gozag.
             Slain by a minotaur (16 damage)
             ... in a Gauntlet.
             The game lasted 01:00:30 (14668 turns).

FIQ the Frost Mage (Demonspawn Ice Elementalist)   Turns: 14668, Time: 01:00:31

Health: -2/74      AC: 16    Str: 18    XL:     12   Next: 10%
Magic:  14/26      EV: 24    Int: 27    God:    Gozag
Gold:   1573       SH:  0    Dex: 21    Spells: 21/32 levels left

rFire   x . .      SeeInvis +   p - +7 dagger {drain, *Slow rPois Dex+3 Stlth+}
rCold   + . .      Faith    .   (no shield)
rNeg    + . .      Spirit   .   e - +1 troll leather armour
rPois   +          Reflect  .   K - +1 hat
rElec   .          Harm     .   N - +4 cloak "Lyximoju" {Will+ Str+4}
rCorr   +          Rampage  .   G - +0 pair of gloves
Will    +....      NoTele   +   k - +1 pair of boots {Stlth+}
Stlth   ++++......              E - amulet "Miwegops" {Acrobat rPois rCorr Str+6}
HPRegen 1.22/turn               i - ring of ice
MPRegen 0.20/turn               D - ring of Refriveg {rN+ Int+6 Dex+3 Slay+2 SInv}

@: agile, freezing walls
A: claws 2, thin metallic scales 1, demonic guardian 2, powered by pain 2
a: Renounce Religion, Potion Petition, Call Merchant, Bribe Branch


You were in a Gauntlet.
You worshipped Gozag.
Gozag was most pleased with you.
You visited 3 branches of the dungeon, and saw 13 of its levels.
You also visited: Gauntlet.

You collected 3061 gold pieces.
You spent 958 gold pieces at shops.
You paid 530 gold pieces to Gozag.

Inventory:

Hand Weapons
 j - a +0 short sword
 p - the +7 dagger "Suamiar" (weapon) {drain, *Slow rPois Dex+3 Stlth+}
   (You found it on level 7 of the Dungeon)

   A truly terrible weapon, it drains the life of any living foe it strikes.
   Dex:       It affects your dexterity (+3).
   rPois:     It protects you from poison.
   *Slow:     It may slow you when you take damage.
   Stlth:     It makes you more stealthy.
Missiles
 w - a throwing net
Armour
 a - a +1 robe
 e - a +1 troll leather armour (worn)
 k - a +1 pair of boots of stealth (worn)
 G - a +0 pair of gloves (worn)
 K - a +1 hat (worn)
 N - the +4 cloak "Lyximoju" (worn) {Will+ Str+4}
   (You found it in a Gauntlet)

   Str:       It affects your strength (+4).
   Will:      It increases your willpower.
Magical Staves
 m - a staff of earth
 B - a staff of air
Jewellery
 d - a ring of fire
 h - a ring of positive energy
 i - a ring of ice (left hand)
 l - a ring of flight
 s - a +4 ring of slaying
 y - a ring of protection from cold
 A - a ring of magical power
 D - the ring of Refriveg (right hand) {rN+ Int+6 Dex+3 Slay+2 SInv}
   (You acquired it on level 10 of the Dungeon)

   [ring of intelligence]

   Int:       It affects your intelligence (+6).
   Dex:       It affects your dexterity (+3).
   Slay:      It affects your accuracy & damage with ranged weapons and melee
   (+2).
   rN:        It protects you from negative energy.
   SInv:      It lets you see invisible.
 E - the amulet "Miwegops" (around neck) {Acrobat rPois rCorr Str+6}
   (You acquired it on level 9 of the Dungeon)

   [amulet of the acrobat]

   It increases your evasion while moving and waiting.
   Str:       It affects your strength (+6).
   rPois:     It protects you from poison.
   rCorr:     It protects you from acid and corrosion.
 L - a ring of fire
Wands
 n - a wand of charming (7)
Scrolls
 c - a scroll of amnesia
 f - 3 scrolls of teleportation
 g - 2 scrolls of enchant armour
 o - a scroll of noise
 r - 2 scrolls of identify
 H - a scroll of blinking
 I - a scroll of enchant weapon {unknown}
 J - a scroll of fear {unknown}
Potions
 b - 3 potions of might
 q - 9 potions of curing
 t - 2 potions of ambrosia
 u - 3 potions of brilliance
 v - 2 potions of lignification
 x - a potion of cancellation
 z - 3 potions of attraction
 C - 2 potions of magic
 F - 2 potions of heal wounds
 O - a potion of haste
Miscellaneous
 M - a piece from Xom's chessboard (15/15)


   Skills:
 + Level 10.7 Dodging
 - Level 1.7 Stealth
 + Level 10.7 Spellcasting
 + Level 11.1 Ice Magic


You had 21 spell levels left.
You knew the following spells:

 Your Spells              Type           Power      Damage    Failure   Level
a - Freeze                Ice            100%       1d11      1%          1
b - Frozen Ramparts       Ice            100%       1d12      1%          3
c - Ozocubu's Armour      Ice            84%        N/A       1%          3
d - Hailstorm             Conj/Ice       61%        3d13      4%          4

Your spell library contained the following spells:

 Spells                   Type           Power      Damage    Failure   Level
 Pain                     Necr           56%        1d6       4%          1
 Corpse Rot               Necr/Air       N/A        N/A       7%          2
 Poisonous Vapours        Pois/Air       28%        N/A       7%          2
 Freezing Cloud           Conj/Ice/Air   25%        6-21      28%         5


Dungeon Overview and Level Annotations

Branches:
Dungeon (11/15)            Temple (1/1) D:5            Lair (1/6) D:10
Gauntlet (1/1)
    Orc: D:9-12

Altars:
Ashenzari
Cheibriados
Dithmenos
Elyvilon
Fedhas
Gozag
Hepliaklqana
Kikubaaqudgha
Makhleb
Nemelex Xobeh
Okawaru
Qazlal
Ru
Sif Muna
Trog
Uskayaw
Vehumet
Wu Jian
Xom
Yredelemnul
Zin
The Shining One
Jiyva

Shops:
D:3 [   D:8 !   Temple [

Annotations:
D:7 3 runed translucent doors, Gargoyl's ghost, novice GnAK Gauntlet 8 transporters, 2 runed translucent doors


Innate Abilities, Weirdness & Mutations

You have very sharp fingernails.
You are partially covered in thin metallic scales. (AC +2)
A demonic guardian rushes to your aid.
You sometimes gain power by taking damage.


Message History

Casting: Frozen Ramparts (safe; 1% risk of failure)
Press: ? - help, Dir - look around, f - activate You feel a surge of power!
The walls around you are covered in ice.
The wall freezes the minotaur.
You hit the minotaur but do no damage. You drain the minotaur.
The minotaur is lightly wounded.
The wall freezes the minotaur!
The minotaur barely misses you. The minotaur gores you.
You barely miss the minotaur.
The minotaur furiously retaliates!
The minotaur headbutts you, but does no damage.
The minotaur is moderately wounded.
The wall freezes the minotaur!
The minotaur hits you but does no damage.
The minotaur burns you! The minotaur gores you. The heat melts your icy armour.
You puncture the minotaur!
The minotaur is heavily wounded.
The wall freezes the minotaur!
The minotaur hits you but does no damage.
The minotaur burns you!
A demonic guardian appears!
The minotaur gores you!
You focus on the pain.
You feel agile all of a sudden. The heat melts your icy armour.
You hit the minotaur.
The minotaur is severely wounded.
The wall freezes the minotaur!
The minotaur hits you with a staff of fire.
The minotaur burns you.
* * * LOW HITPOINT WARNING * * *
The minotaur gores you but does no damage.
Your ice devil hits the minotaur but does no damage.
The heat melts your icy armour.
You hit the minotaur but do no damage. You drain the minotaur.
The minotaur is severely wounded.
The wall freezes the minotaur!
The minotaur hits you with a staff of fire!
* * * LOW HITPOINT WARNING * * *
Your icy armour melts away.
The minotaur burns you!
You die...
Your body crumbles into a pile of gold.

######### #.......#
#.#####.# #.# .#.#
#.# .#.# #.# .#.# #.#
.#.# #.###4#.#
#..@H.#.# #######.#
#.....# #.#####
#########.#########
#.................#
#.♣.♣.©.©.©.©.♣.♣.#
#.................# #
###
#####################
### #


You could see a minotaur (drained, ally target) and a friendly ice devil
(summoned).

Vanquished Creatures
  The ghost of Colgate the Grappler, a journeyman TrBe of Trog (D:10)
  A skeletal warrior (D:9)
  Pikel (D:4)
  An elephant (Gauntlet)
  A black mamba (Lair:1)
  A cane toad (Lair:1)
  A gargoyle (D:10)
  2 kobold demonologists (D:9)
  A troll (D:10)
  Grinder (D:4)
  3 blink frogs (Lair:1)
  2 wraiths (D:9)
  2 wyverns
  A basilisk (Lair:1)
  Grum (D:9)
  28 yaks
  A chaos spawn (Gauntlet)
  A neqoxec (Gauntlet)
  Duvessa (D:6)
  10 water moccasins
  3 orc warriors
  An ice beast (D:6)
  5 black bears
  3 necrophages
  3 ogres
  4 wolves (D:9)
  3 centaurs
  3 phantoms
  2 kobold brigands
  A wyvern zombie (D:8)
  4 bullfrogs
  A wyvern skeleton (D:6)
  Dowan (D:6)
  2 scorpions
  10 killer bees
  2 wights
  3 howler monkeys (D:6)
  3 centaur zombies
  2 hounds
  6 jellies
  6 orc priests
  2 iguanas
  11 orc wizards
  A killer bee zombie (D:7)
  2 howler monkey zombies
  3 gnolls (D:3)
  10 adders
  An ufetubus (D:5)
  3 worms
  2 dart slugs
  54 orcs
  4 bats
  6 endoplasms
  A giant cockroach (D:1)
  15 hobgoblins
  4 jackals
  14 kobolds
  4 quokkas
  9 ball pythons
  2 frilled lizards
  5 goblins
  5 rats
287 creatures vanquished.

Vanquished Creatures (collateral kills)
  A death knight (D:9)
  A blink frog (Lair:1)
  A yak (D:10)
  A wraith (D:9)
  An ice beast (D:6)
  A howler monkey skeleton (D:3)
  An orc (D:4)
7 creatures vanquished.

Vanquished Creatures (others)
  A human (D:5)
  62 fungi
  47 plants
110 creatures vanquished.

Grand Total: 404 creatures vanquished

Notes
Turn   | Place    | Note
-------+----------+-------------------------------------------
     0 | D:1      | FIQ the Demonspawn Ice Elementalist began the quest for the
                  | Orb.
     0 | D:1      | Reached XP level 1. HP: 13/13 MP: 3/3
   211 | D:1      | Gained mutation: A weak demonic guardian rushes to your
                  | aid. [demonic ancestry]
   211 | D:1      | Reached XP level 2. HP: 5/19 MP: 0/5
  1380 | D:2      | Gained mutation: You sometimes gain a little power by
                  | taking damage. [demonic ancestry]
  1380 | D:2      | Reached XP level 3. HP: 24/24 MP: 4/6
  1609 | D:2      | Reached skill level 4 in Ice Magic
  2550 | D:2      | Reached XP level 4. HP: 27/30 MP: 4/8
  3108 | D:3      | Learned a level 3 spell: Frozen Ramparts
  3112 | D:3      | Learned a level 3 spell: Ozocubu's Armour
  3210 | D:3      | Found a faded altar of an unknown god.
  3320 | D:3      | Got Plato's Almanac of Evil Arts
  3361 | D:3      | Found Ceahue's Antique Armour Shoppe.
  3584 | D:3      | Reached XP level 5. HP: 30/35 MP: 2/9
  4004 | D:4      | Noticed a lemure
  4004 | D:4      | Noticed Pikel
  4004 | D:4      | Noticed a lemure
  4005 | D:4      | Noticed a lemure
  4005 | D:4      | Noticed a lemure
  4038 | D:4      | Killed Pikel
  4039 | D:4      | Reached skill level 5 in Ice Magic
  4039 | D:4      | Gained mutation: You sometimes gain power by taking damage.
                  | [demonic ancestry]
  4039 | D:4      | Reached XP level 6. HP: 7/41 MP: 6/12
  4039 | D:4      | Reached XP level 7. HP: 7/46 MP: 6/13
  4356 | D:4      | Noticed Grinder
  4363 | D:4      | Paralysed by Grinder for 2 turns
  4374 | D:4      | Paralysed by Grinder for 7 turns
  4382 | D:4      | Paralysed by Grinder for 7 turns
  4422 | D:4      | Paralysed by Grinder for 5 turns
  4431 | D:4      | Killed Grinder
  4709 | D:4      | You are sucked into a shaft and drop 3 floors!
  4782 | D:5      | Entered Level 5 of the Dungeon
  4907 | D:5      | Reached skill level 5 in Spellcasting
  4909 | D:5      | Reached skill level 5 in Dodging
  4909 | D:5      | Reached skill level 6 in Ice Magic
  5077 | D:5      | Gained mutation: You have sharp fingernails. [demonic
                  | ancestry]
  5077 | D:5      | Reached XP level 8. HP: 43/52 MP: 11/15
  5184 | D:4      | Identified the +1 robe "Huadag" {-Tele Harm Int+6 Dex+2}
  5891 | D:5      | Found an ancient bone altar of Kikubaaqudgha.
  5950 | D:5      | Found a staircase to the Ecumenical Temple.
  5984 | Temple   | Entered the Ecumenical Temple
  6434 | Temple   | Identified a scroll of acquirement
  6477 | Temple   | Became a worshipper of Gozag Ym Sagoz the Greedy
  6489 | Temple   | Acquired 1024 gold pieces
  6492 | Temple   | Bought a runed troll leather armour for 378 gold pieces
  6773 | D:6      | Reached skill level 7 in Ice Magic
  6883 | D:6      | Noticed Duvessa
  6893 | D:6      | Noticed Dowan
  6974 | D:6      | Killed Duvessa
  6979 | D:6      | Killed Dowan
  6980 | D:6      | Gained mutation: You have very sharp fingernails. [demonic
                  | ancestry]
  6980 | D:6      | Reached XP level 9. HP: 57/57 MP: 12/18
  8353 | D:3      | Bought a pair of glowing boots for 172 gold pieces
  8804 | D:6      | Reached skill level 8 in Ice Magic
  9015 | D:6      | Learned a level 4 spell: Hailstorm
  9230 | D:7      | Identified the +7 dagger "Suamiar" {drain, *Slow rPois
                  | Dex+3 Stlth+}
  9538 | D:7      | Found a runed translucent gate.
  9538 | D:7      | Found a runed translucent gate.
  9538 | D:7      | Found a runed translucent gate.
  9539 | D:7      | Noticed Gargoyl's ghost (novice GnAK)
  9540 | D:7      | Noticed a kobold demonologist
  9791 | D:8      | Found Wemitih's Distillery.
  9798 | D:8      | Bought a potion of curing for 36 gold pieces
  9798 | D:8      | Bought a potion of brilliance for 48 gold pieces
  9798 | D:8      | Bought a potion of curing for 36 gold pieces
  9798 | D:8      | Bought a potion of lignification for 36 gold pieces
  9798 | D:8      | Bought a potion of curing for 36 gold pieces
  9798 | D:8      | Bought a potion of curing for 36 gold pieces
  9798 | D:8      | Bought a potion of heal wounds for 60 gold pieces
  9798 | D:8      | Bought 2 potions of attraction for 72 gold pieces
  9798 | D:8      | Bought a potion of brilliance for 48 gold pieces
 10365 | D:8      | Gained mutation: A demonic guardian rushes to your aid.
                  | [demonic ancestry]
 10365 | D:8      | Reached XP level 10. HP: 56/63 MP: 14/21
 11081 | D:8      | Reached skill level 9 in Ice Magic
 11488 | D:9      | Noticed a skeletal warrior
 11571 | D:9      | Killed a skeletal warrior
 11614 | D:9      | Noticed a death knight
 11652 | D:9      | Killed a death knight
 11844 | D:9      | Noticed an orange demon
 11845 | D:9      | Gained mutation: You are partially covered in thin metallic
                  | scales. (AC +2) [demonic ancestry]
 11845 | D:9      | Reached XP level 11. HP: 68/68 MP: 18/24
 11932 | D:9      | Noticed Grum
 11956 | D:9      | Killed Grum
 12080 | D:9      | Reached skill level 10 in Ice Magic
 12332 | D:9      | Acquired the amulet "Miwegops" {Acrobat rPois rCorr Str+6}
 12382 | D:10     | Entered Level 10 of the Dungeon
 13363 | D:10     | Reached skill level 10 in Spellcasting
 13416 | D:10     | Acquired the ring of Refriveg {rN+ Int+6 Dex+3 Slay+2 SInv}
 13439 | D:10     | Found a staircase to the Lair.
 13469 | D:10     | Reached skill level 10 in Dodging
 13557 | D:10     | Found a runed translucent gate.
 13561 | D:10     | Found a runed translucent gate.
 13561 | D:10     | Noticed Colgate's ghost (journeyman TrBe)
 13562 | D:10     | Found a runed translucent gate.
 13563 | D:10     | Found a viscous altar of Jiyva.
 13640 | D:10     | Killed Colgate's ghost
 13892 | Lair:1   | Entered Level 1 of the Lair of Beasts
 14143 | Lair:1   | Reached skill level 11 in Ice Magic
 14146 | Lair:1   | Reached XP level 12. HP: 74/74 MP: 12/26
 14226 | Lair:1   | Found a gate leading to a gauntlet.
 14243 | Gauntlet | Entered a Gauntlet
 14243 | Gauntlet | Found a transporter.
 14243 | Gauntlet | Found a runed translucent gate.
 14243 | Gauntlet | Found a runed translucent gate.
 14251 | Gauntlet | Found a runed translucent gate.
 14256 | Gauntlet | Found a transporter.
 14258 | Gauntlet | Found a transporter.
 14263 | Gauntlet | Found a runed translucent door.
 14263 | Gauntlet | Found a runed translucent door.
 14268 | Gauntlet | Found a transporter.
 14271 | Gauntlet | Found a transporter.
 14273 | Gauntlet | Noticed a quicksilver ooze
 14279 | Gauntlet | Found a transporter.
 14295 | Gauntlet | Found a transporter.
 14305 | Gauntlet | Found a transporter.
 14316 | Gauntlet | Found a transporter.
 14317 | Gauntlet | Found a runed translucent door.
 14327 | Gauntlet | Found a runed translucent door.
 14331 | Gauntlet | Found a transporter.
 14345 | Gauntlet | Found a transporter.
 14346 | Gauntlet | Found a transporter.
 14388 | Gauntlet | Found a transporter.
 14402 | Gauntlet | Found a transporter.
 14587 | Gauntlet | Identified the +4 cloak "Lyximoju" {Will+ Str+4}
 14658 | Gauntlet | Noticed a minotaur
 14668 | Gauntlet | Slain by a minotaur

Illustrated notes

Levels and vault maps discovered:
D:1:      lemuel_arrival_funnel, layout_basic, minmay_misc_feat_ornament
D:2:      layout_basic
D:3:      layout_rooms, shapermc_ecumenical_altar_rom_forum, serial_shops,
          shop_statue, kennysheep_generic_room_3
D:4:      layout_cave_pods, uniq_grinder, uniq_pikel
D:5:      layout_rooms, tgw_kikubaaqudgha, minmay_temple_entry_purple_smoke
D:6:      layout_layer_cave, uniq_duvessa
D:7:      layout_cave_pools, gammafunk_ghost_nasty_kobolds
D:8:      minmay_recursive_quarters, layout_cave_pods, serial_shops,
          nicolae_shop_statue_plus, kennysheep_nub
D:9:      layout_basic, chequers_serial_rivers_large_a, minivault_23,
          dk_vineyard_3, grunt_ministairs_10, uniq_grum
D:10:     layout_basic, due_lair_maze_entry_diamond, special_room
          [special_room_orc], gammafunk_ghost_ooze, minmay_diced_spiral
D:11:     cheibrodos_shockbox, layout_basic
Temple:   kilobyte_greek_temple
Lair:1:   layout_regular_city, gauntlet_entry_generic, minivault_11,
          beast_lair_carwin_4
Gauntlet: minmay_gauntlet_77_tree [minmay_gauntlet_arena_77_run_for_it,
          minmay_gauntlet_arena_77_tiled_triplets,
          minmay_gauntlet_arena_77_shame_cube, minmay_gauntlet_arena_77_cramped,
          minmay_gauntlet_arena_77_braids,
          minmay_gauntlet_arena_77_double_cross, minmay_gauntlet_arena_77_fan,
          gauntlet_exit_spiral]

Skill      XL: |  1  2  3  4  5  6  7  8  9 10 11 |
---------------+----------------------------------+-----
Dodging        | 2 3 4 5 6 7 9 10 | 10.7
Ice Magic      | 4 5 6 7 8 9 11 | 11.1
Spellcasting   | 3 4 5 6 7 9 10 | 10.7
Stealth        | |  1.7

Action                   |  1- 3 |  4- 6 |  7- 9 | 10-12 || total
-------------------------+-------+-------+-------+-------++-------
Melee: Unarmed           |    12 |       |       |       ||    12
       Short sword       |     1 |       |       |       ||     1
       Staff             |     6 |    15 |   149 |       ||   170
       Dagger            |       |       |    28 |   185 ||   213
 Cast: Freeze            |    59 |    37 |    67 |    15 ||   178
       Frozen Ramparts   |       |     2 |    49 |    49 ||   100
       Ozocubu's Armour  |       |     1 |    31 |    36 ||    68
       Hailstorm         |       |       |     1 |    14 ||    15
Invok: Call Merchant     |       |       |     1 |       ||     1
  Use: Scroll            |     3 |       |    12 |     3 ||    18
       Potion            |       |       |     4 |     2 ||     6
 Stab: Sleeping          |     1 |       |       |     3 ||     4
       Distracted        |       |       |     2 |     1 ||     3
Armor: Robe              |    13 |     7 |    13 |       ||    33
       Troll leather arm |       |       |   110 |   109 ||   219
Dodge: Dodged            |    54 |    46 |   296 |   363 ||   759

Table legend: (Time is in decaauts)
 A = Elapsed time spent in this place.
 B = Non-inter-level travel time spent in this place.
 C = Inter-level travel time spent in this place.
 D = Time resting spent in this place.
 E = Time spent auto-exploring this place.
 F = Levels seen in this place.
 G = Mean time per level.
                   A        B        C        D        E       F      G
               +--------+--------+--------+--------+--------+-----+--------+
         Total |  14726 |  13964 |    762 |    386 |   9381 |  14 | 1051.9 |
       Dungeon |  13402 |  12691 |    711 |    359 |   8883 |  11 | 1218.4 |
        Temple |    547 |    496 |     51 |     27 |    221 |   1 |  547.0 |
          Lair |    351 |    351 |      0 |      0 |     25 |   1 |  351.0 |
      Gauntlet |    424 |    424 |      0 |      0 |    252 |   1 |  424.0 |
               +--------+--------+--------+--------+--------+-----+--------+

Top non-repeatable levels by time:
     D:6: 2238 daAuts
     D:2: 1767 daAuts
     D:3: 1376 daAuts
    D:10: 1341 daAuts
     D:9: 1319 daAuts
     D:8: 1220 daAuts
     D:5: 1141 daAuts
     D:1: 1116 daAuts
     D:4: 1089 daAuts
     D:7: 682 daAuts
  Temple: 547 daAuts
Gauntlet: 424 daAuts
  Lair:1: 351 daAuts
    D:11: 108 daAuts
